 Dungeon Crawl Stone Soup version 0.29-a0-559-g359e09b9d1 (webtiles) character file.

Game seed: 232257939301665518

27 Nedwor the Skirmisher (level 3, 31/31 HPs)
             Began as a Ghoul Fighter on June 10, 2022.
             Quit the game on level 1 of the Dungeon.
             The game lasted 00:00:47 (581 turns).

Nedwor the Skirmisher (Ghoul Fighter)                Turns: 581, Time: 00:00:48

Health: 31/31      AC:  6    Str: 19    XL:     3   Next: 10%
Magic:  2/2        EV:  9    Int:  3    God:
Gold:   64         SH:  4    Dex: 10    Spells: 2/2 levels left

rFire   . . .      SeeInvis .   a - +0 trident
rCold   + . .      Faith    .   c - +0 buckler
rNeg    + + +      Spirit   .   b - +0 scale mail
rPois   ∞          Reflect  .   (no helmet)
rElec   .          Harm     .   (no cloak)
rCorr   .          Rampage  .   (no gloves)
Will    .....                   (no boots)
Stlth   ..........              (no amulet)
HPRegen 0.00/turn               (no ring)
MPRegen 0.08/turn               (no ring)

@: inhibited regen
A: claws 1, cold resistance 1, negative energy resistance 3, inhibited
regeneration, torment resistance 2, devour on kill
a: no special abilities


You were on level 1 of the Dungeon.
You visited 1 branch of the dungeon, and saw 1 of its levels.

You collected 64 gold pieces.

Inventory:

Hand Weapons
 a - a +0 trident (weapon)
Armour
 b - a +0 scale mail (worn)
 c - a +0 buckler (worn)
Scrolls
 e - a scroll of identify {unknown}
 f - a scroll of acquirement {unknown}
 h - a scroll of vulnerability {unknown}
Potions
 d - a potion of might
 g - 2 potions of flight {unknown}


   Skills:
 + Level 3.5 Fighting
 * Level 2.4 Polearms
 + Level 2.9 Armour
 + Level 2.9 Shields


You had 2 spell levels left.
You didn't know any spells.
Your spell library contained the following spells:

 Spells                   Type           Power      Damage    Failure   Level
 Inner Flame              Hex/Fire       0%         N/A       100%        3
 Cause Fear               Hex            0%         N/A       100%        4
 Discord                  Hex            0%         N/A       100%        8


Dungeon Overview and Level Annotations

Branches:
Dungeon (1/15)

Altars:


Innate Abilities, Weirdness & Mutations

You are immune to poison.
You have sharp fingernails.
Your flesh is cold resistant. (rC+)
You are immune to negative energy. (rN+++)
You do not regenerate when monsters are visible.
You are immune to unholy pain and torment.
You thrive by killing the living.


Message History

You kill the endoplasm!
You feel better. The dart slug launches a dart at you. The slug dart hits you.
You hit the dart slug.
The dart slug is lightly wounded.
You block the kobold's attack. The kobold hits you with a +0 whip.
You hit the dart slug.
The dart slug is severely wounded.
The dart slug bites you but does no damage.
You block the kobold's attack.
Unknown command.
You hit the dart slug.
The dart slug is severely wounded.
The kobold hits you but does no damage. The dart slug barely misses you.
Unknown command.
You puncture the dart slug!
You kill the dart slug!
You feel better. You block the kobold's attack.
You have reached level 3!
Your experience leads to an increase in your attributes!
Increase (S)trength, (I)ntelligence, or (D)exterity?
You feel agile. x2
You closely miss the kobold. The kobold hits you but does no damage.
You closely miss the kobold. You block the kobold's attack.
The kobold hits you but does no damage.
You closely miss the kobold. The kobold hits you but does no damage.
You miss the kobold. The kobold barely misses you.
You closely miss the kobold. The kobold hits you with a +0 whip.
You miss the kobold. The kobold barely misses you.
You closely miss the kobold.
The kobold hits you but does no damage. x2
You puncture the kobold!
You kill the kobold!
You feel better.
Things that are here:
a +0 whip; 3 stones; a kobold corpse A bat comes into view.
A bat is nearby!
A bat is nearby!
Are you sure you want to abandon this character and quit the game? (Confirm with "yes".)

###.####.# #.##.#
#.####.# .#
###.##.### #...##.#
.# ##.........
#####.#..###### .#
##..........
....#.........# b#
#...........
........#####.## .#
#........)..
...)#####
#..##.####...........
....#
##..#....#...........
....# ##.@..#
#........... ....#
####.# ##..........
....# # ##.....#...
....# ##########
....# #####


You could see a bat.

Vanquished Creatures
  3 dart slugs (D:1)
  2 endoplasms (D:1)
  A giant cockroach (D:1)
  2 goblins (D:1)
  2 hobgoblins (D:1)
  5 kobolds (D:1)
  2 ball pythons (D:1)
  2 bats (D:1)
  2 frilled lizards (D:1)
21 creatures vanquished.

Notes
Turn   | Place    | Note
-------+----------+-------------------------------------------
     0 | D:1      | Nedwor the Ghoul Fighter began the quest for the Orb.
     0 | D:1      | Reached XP level 1. HP: 19/19 MP: 0/0
   229 | D:1      | Reached XP level 2. HP: 16/26 MP: 1/1
   457 | D:1      | Reached XP level 3. HP: 20/31 MP: 2/2
   581 | D:1      | Quit the game

Illustrated notes

Levels and vault maps discovered:
D:1:      nzn_arrival_depleted_hourglass, layout_rooms,
          minmay_misc_feat_diagonals

Skill      XL: |  1 |
---------------+----+-----
Polearms       | 2 |  2.4
Fighting       | |  3.5
Armour         | |  2.9
Shields        | |  2.9

Action                   || total
-------------------------++-------
Melee: Trident           ||    71
Armor: Scale mail        ||    28
Dodge: Dodged            ||    20
Block: Buckler           ||    14

Table legend: (Time is in decaauts)
 A = Elapsed time spent in this place.
 B = Non-inter-level travel time spent in this place.
 C = Inter-level travel time spent in this place.
 D = Time resting spent in this place.
 E = Time spent auto-exploring this place.
 F = Levels seen in this place.
 G = Mean time per level.
                   A        B        C        D        E       F      G
               +--------+--------+--------+--------+--------+-----+--------+
         Total |    597 |    597 |      0 |      0 |    466 |   1 |  597.0 |
       Dungeon |    597 |    597 |      0 |      0 |    466 |   1 |  597.0 |
               +--------+--------+--------+--------+--------+-----+--------+

Top non-repeatable levels by time:
     D:1: 597 daAuts
